 Dungeon Crawl Stone Soup version 0.31.0-32-g396128a36d (webtiles) character file.

Game seed: 7836018621368652864

689 H0rd4k the Insei (level 7, -9/46 HPs)
             Began as an Octopode Artificer on Apr 9, 2024.
             Was an Initiate of Gozag.
             Mangled by an ogre
             ... wielding a +0 giant club
              (12 damage)
             ... on level 5 of the Dungeon.
             The game lasted 00:04:14 (4206 turns).

H0rd4k the Insei (Octopode Artificer)               Turns: 4206, Time: 00:04:15

Health: -9/46      AC:  5    Str: 11    XL:     7   Next: 63%
Magic:  7/7        EV: 13    Int: 15    God:    Gozag
Gold:   455        SH:  0    Dex: 13    Spells: 6/6 levels left

rFire   . .          .
                       - Unarmed
rCold   . . .        (no shield)
rNeg    . . .        (helmet restricted)
rPois   .            (no amulet)
rElec   .            o - +4 ring of protection
rCorr   .            (no ring)
SInv    .            (no ring)
Will    .....        (no ring)
Stlth   +++          (no ring)
HPRegen 0.27/turn    (no ring)
MPRegen 0.10/turn    (no ring)
                     (no ring)

%: no passive effects
@: no status effects
A: almost no armour, amphibious, 8 rings, camouflage 1, gelatinous body 1,
(nimble swimmer 1), tentacles
a: Renounce Religion, Potion Petition, Call Merchant, Bribe Branch


You were on level 5 of the Dungeon.
You worshipped Gozag.
Gozag was aware of your devotion.
You visited 2 branches of the dungeon, and saw 6 of its levels.

You collected 656 gold pieces.
You paid 201 gold pieces to Gozag.

Inventory:

Missiles
 u - 3 poisoned darts
Jewellery
 o - a +4 ring of protection (left tentacle)
Talismans
 q - a blade talisman
 y - a blade talisman
Wands
 b - a wand of flame (15) (quivered)
 c - a wand of charming (4)
 d - a wand of iceblast (5)
Scrolls
 a - 7 scrolls of identify {unknown}
 e - 2 scrolls of immolation {unknown}
 f - a scroll of poison {unknown}
 i - a scroll of revelation {unknown}
 p - 3 scrolls of teleportation {unknown}
 r - a scroll of amnesia {unknown}
 v - a scroll of fear {unknown}
 w - 2 scrolls of enchant weapon {unknown}
 x - a scroll of torment {unknown}
 z - a scroll of noise {unknown}
Potions
 g - a potion of invisibility {unknown}
 h - 3 potions of enlightenment {unknown}
 j - a potion of magic {unknown}
 k - a potion of ambrosia {unknown}
 l - 2 potions of mutation {unknown}
 m - a potion of curing {unknown}
 n - 2 potions of heal wounds {unknown}
 s - a potion of might {unknown}
 t - a potion of haste {unknown}


   Skills:
 + Level 3.0 Fighting
 - Level 2.3 Dodging
 - Level 1.3 Stealth
 + Level 7.4 Unarmed Combat
 - Level 3.2 Evocations


You had 6 spell levels left.
You didn't know any spells.
Your spell library contained the following spells:

 Spells                   Type           Power      Damage    Failure   Level
 Apportation              Tloc           0%         N/A       26%         1
 Kiss of Death            Conj/Necr      0%         2d5       26%         1
 Necrotise                Necr           0%         1d4       26%         1
 Sting                    Conj/Alch      0%         1d3       26%         1
 Summon Small Mammal      Summ           0%         N/A       26%         1
 Confusing Touch          Hex            0%         N/A       63%         3
 Dispel Undead            Necr           0%         3d6       95%         4


Dungeon Overview and Level Annotations

Branches:
Dungeon (5/15)             Temple (1/1) D:4

Altars:
Dithmenos
Gozag
Makhleb
Nemelex Xobeh
Qazlal
Sif Muna
Uskayaw
Vehumet
Wu Jian
Xom
Yredelemnul
The Shining One

Shops:
D:4 !

Annotations:
D:2 1 runed translucent door, exclusion: door, Crazy Yiuf


Innate Abilities, Weirdness & Mutations

You cannot wear most types of armour.
You are amphibious.
You can wear up to eight rings at the same time.
Your skin changes colour to match your surroundings (Stealth+).
Your rubbery body absorbs attacks. (AC +1, EV +1)
((You are camouflaged when in or above water. (Stealth+)))
You have tentacles for arms and can constrict up to eight enemies at once.


Message History

No target in view!
You now have 449 gold pieces (gained 27).
Items here: ( ))).
No target in view!
You now have 455 gold pieces (gained 6).
Key pressed, stopping explore.
No target in view!
An ogre comes into view. It is wielding a +0 giant club.
You see here 7 gold pieces.
The ogre shouts!
An ogre is nearby!
An ogre is nearby!
An ogre is nearby!
You tentacle-slap the ogre. You squeeze the ogre.
The ogre is moderately wounded.
You tentacle-slap the ogre. Your squeeze misses the ogre.
The ogre is moderately wounded.
The ogre hits you with a +0 giant club!
You tentacle-slap the ogre but do no damage.
The ogre is moderately wounded.
The ogre hits you with a +0 giant club!
You tentacle-slap the ogre.
The ogre is heavily wounded.
You tentacle-slap the ogre but do no damage.
Your squeeze misses the ogre.
The ogre is heavily wounded.
The ogre hits you with a +0 giant club!!
* * * LOW HITPOINT WARNING * * *
Aiming: Charm
Press: ? - help, Shift-Dir - straight line, f - ogre
Aim: an ogre, wielding a +0 giant club (heavily wounded, chance to affect: 57%)
The ogre resists with significant effort.
Unknown command.
Aiming: Charm
Press: ? - help, Shift-Dir - straight line, f/p - ogre
Aim: an ogre, wielding a +0 giant club (heavily wounded, chance to affect: 57%)
The ogre resists with significant effort.
The ogre hits you with a +0 giant club!
You die...
Your body crumbles into a pile of gold.

.....#
####.########............
...### #.#
###...###.####. ##.# #.#
#.......#.####. ##.######
#.# #.#............
.<......# #.###
##.#...#.###.###
##.####>#
.....##?........##.# #.#
#.##.#.....#<#..##.# ..#
.##.##........!...##.#
###
......O@..$........./#
.##.##........##......
#............####
.....#...#.###[#
#.##.#####)# .# #.
#...........# #
#######.##### >.. ...


You could see an ogre.

Vanquished Creatures
  2 ogres
  4 bombardier beetles
  An orc priest (D:3)
  A hound (D:5)
  A jelly (D:4)
  2 iguanas
  An orc wizard (D:3)
  Robin (D:2)
  7 adders
  A white imp (D:5)
  5 dart slugs
  A ribbon worm (D:3)
  22 orcs
  3 endoplasms
  2 giant cockroaches
  9 goblins
  13 hobgoblins
  3 jackals
  8 kobolds
  2 quokkas (D:4)
  14 ball pythons
  4 bats
  7 frilled lizards
  4 rats
118 creatures vanquished.

Vanquished Creatures (collateral kills)
  An adder (D:4)
  A dart slug (D:3)
  2 orcs (D:3)
  A ball python (D:4)
  An endoplasm (D:4)
6 creatures vanquished.

Vanquished Creatures (others)
  An orc priest (D:3)
  2 goblins (D:2)
3 creatures vanquished.

Grand Total: 127 creatures vanquished

Notes
Turn   | Place    | Note
-------+----------+-------------------------------------------
     0 | D:1      | H0rd4k the Octopode Artificer began the quest for the Orb.
     0 | D:1      | Reached XP level 1. HP: 13/13 MP: 1/1
    74 | D:1      | Reached XP level 2. HP: 17/18 MP: 2/2
   190 | D:1      | Reached skill level 1 in Unarmed Combat
   620 | D:1      | Reached XP level 3. HP: 23/24 MP: 3/3
   799 | D:2      | Reached skill level 2 in Unarmed Combat
   867 | D:2      | Found an ornate altar of the Wu Jian Council.
   872 | D:2      | Noticed Robin
   896 | D:2      | Killed Robin
  1117 | D:2      | Reached skill level 3 in Unarmed Combat
  1117 | D:2      | Reached XP level 4. HP: 29/29 MP: 4/4
  1154 | D:2      | Found a faded altar of an unknown god.
  1543 | D:2      | Found a runed translucent door.
  1544 | D:2      | Noticed Crazy Yiuf
  1893 | D:3      | Reached skill level 4 in Unarmed Combat
  1893 | D:3      | Reached XP level 5. HP: 30/35 MP: 5/5
  2771 | D:4      | Found Madis's Distillery.
  2773 | D:4      | Noticed an ogre
  2804 | D:4      | Reached skill level 5 in Unarmed Combat
  2817 | D:4      | Reached XP level 6. HP: 41/41 MP: 6/6
  3158 | D:4      | Found a staircase to the Ecumenical Temple.
  3233 | Temple   | Entered the Ecumenical Temple
  3491 | D:4      | Reached skill level 6 in Unarmed Combat
  3803 | Temple   | Became a worshipper of Gozag Ym Sagoz the Greedy
  3824 | D:5      | Entered Level 5 of the Dungeon
  3893 | D:5      | Reached XP level 7. HP: 40/45 MP: 7/7
  4109 | D:5      | Reached skill level 7 in Unarmed Combat
  4204 | D:5      | HP: 2/46 [ogre/+0 giant club (21)]
  4206 | D:5      | Mangled by an ogre

Illustrated notes

Levels and vault maps discovered:
D:1:      minmay_arrival_jagged, layout_loops_cross
D:2:      layout_loops_ring, basic_altar, basic_ecumenical_altar, uniq_robin,
          uniq_crazy_yiuf_cottage
D:3:      minmay_recursive_quarters, layout_loops_corners, dk_noncrumbling_2
D:4:      minmay_polygon_palace, layout_basic,
          minmay_temple_entry_enclosed_plants, serial_shops,
          nicolae_shop_tiny_real_fake_doors
D:5:      layout_loops_cross
Temple:   hellmonk_temple_forest_ring

Skill      XL: |  1  2  3  4  5  6  7 |
---------------+----------------------+-----
Unarmed Combat | 1 3 4 5 6 7 |  7.4
Fighting       | 2 3 |  3.0
Dodging        | |  2.3
Stealth        | |  1.3
Evocations     | |  3.2

Action                     |  1- 3 |  4- 6 |  7- 9 || total
---------------------------+-------+-------+-------++-------
  Melee: Unarmed           |    77 |   154 |    33 ||   264
         Constrict         |    23 |    34 |     6 ||    63
         Tentacles         |    14 |    32 |     7 ||    53
         Punch             |     1 |     8 |     4 ||    13
  Evoke: Wand              |     3 |     6 |     2 ||    11
   Stab: Sleeping          |     9 |    11 |     1 ||    21
 Armour: Skin              |    34 |    66 |     9 ||   109
  Dodge: Dodged            |    56 |    82 |     9 ||   147
